Detroit Red Wings vs Montreal Canadiens
(R1)
Created - Tuesday, August 12, 2025 at 07:20
Goals
|
| Detroit Red Wings |
0 |
1 |
1 |
2 |
| Montreal Canadiens |
2 |
1 |
1 |
4 |
|
Shots
|
| Detroit Red Wings |
12 |
6 |
11 |
29 |
| Montreal Canadiens |
8 |
9 |
22 |
39 |
|
1st period
1. Montreal Canadiens , Martin Necas 4 (Dylan Larkin 2) at 11:18 (PP)
2. Montreal Canadiens , Patrik Laine 2 (Juraj Slafkovsky 6, Jake Evans 4) at 17:05 (PP)
Penalties :
Juraj Slafkovsky (MTL) for Interference (Minor) at 3:00, Steven Stamkos (DET) for Roughing (Minor) at 4:29, Zachary Werenski (DET) for Interference (Minor) at 10:39, Lane Hutson (MTL) for Roughing (Minor) at 12:15, Juraj Slafkovsky (MTL) for High sticking (Minor) at 14:44, Max Pacioretty (DET) for Holding (Minor) at 15:25
2nd period
3. Detroit Red Wings , Peyton Krebs 1 (Kevin Stenlund 3, Yakov Trenin 1) at 9:07
4. Montreal Canadiens , Macklin Celebrini 5 (Damon Severson 2, Lane Hutson 6) at 15:14 (PP)
Penalties :
Lane Hutson (MTL) for Hooking (Minor) at 0:09, Shayne Gostisbehere (DET) for Roughing (Minor) at 10:11, Raphael Lavoie (DET) for Interference (Minor) at 14:35, Damon Severson (MTL) for Tripping (Minor) at 16:04, Yakov Trenin (DET) for Hooking (Minor) at 18:28
3rd period
5. Detroit Red Wings , Steven Stamkos 6 (Max Pacioretty 2) at 10:16
6. Montreal Canadiens , Brady Skjei 1 (Dylan Larkin 3, Martin Necas 5) at 12:07 (PP)
Penalties :
Zach Bogosian (DET) for Holding (Minor) at 3:13, Zachary Werenski (DET) for Interference (Minor) at 10:39
Goalie Stats
Laurent Brossoit (DET), 35 saves from 39 shots - (0.897), L, 2-1-0, 60:00 minutes
Stuart Skinner (MTL), 27 saves from 29 shots - (0.931), W, 5-1-0, 60:00 minutes
Players Stats for Detroit Red Wings
Player Name G A P +/- PIM S H SB GA TA FO MP PP MP PK MP
------------------------------------------------------------------------------------
Cutter Gauthier 0 0 0 0 0 2 1 2 1 0 4/20 17:34 4:00 0:01
Jackson LaCombe 0 0 0 0 0 0 3 0 0 0 0/0 27:55 4:10 5:50
Jamie Drysdale 0 0 0 1 0 1 0 1 0 0 0/0 14:49 3:57 0:12
Jeff Petry 0 0 0 1 0 0 1 0 1 3 0/0 18:50 0:00 5:39
Kasperi Kapanen 0 0 0 0 0 2 1 0 0 1 0/0 12:12 0:00 0:00
Kevin Stenlund 0 1 1 1 0 0 1 1 0 0 7/11 16:30 0:05 4:51
Max Pacioretty 0 1 1 1 2 2 2 1 0 1 0/0 15:12 3:59 0:00
Patrick Kane 0 0 0 1 0 4 1 1 1 0 0/0 15:05 4:07 0:05
Peyton Krebs 1 0 1 1 0 3 0 1 1 0 0/0 12:00 0:00 0:42
Raphael Lavoie 0 0 0 0 2 0 1 1 0 0 0/0 5:19 0:00 0:00
Rasmus Kupari 0 0 0 0 0 1 2 0 0 1 1/2 15:15 4:04 5:30
Shayne Gostisbehere 0 0 0 1 2 1 0 0 0 0 0/0 12:17 0:00 2:15
Steven Stamkos 1 0 1 1 2 8 2 0 1 0 16/29 19:52 4:06 4:42
Tanner Pearson 0 0 0 0 0 1 0 0 0 0 0/0 16:30 3:58 0:00
Vasili Podkolzin 0 0 0 0 0 1 0 0 0 0 0/0 7:20 0:00 1:13
Yakov Trenin 0 1 1 1 2 0 1 0 0 0 0/0 14:38 0:00 4:04
Zach Bogosian 0 0 0 1 2 0 0 1 0 1 0/0 21:15 3:57 3:51
Zachary Werenski 0 0 0 0 4 3 1 3 0 0 0/0 24:57 4:10 3:21
Players Stats for Montreal Canadiens
Player Name G A P +/- PIM S H SB GA TA FO MP PP MP PK MP
------------------------------------------------------------------------------------
Adam Fox 0 0 0 -1 0 1 2 2 0 1 0/0 22:44 5:53 0:26
Aliaksei Protas 0 0 0 0 0 0 1 0 0 0 0/1 14:38 4:19 0:00
Brad Marchand 0 0 0 0 0 0 0 1 1 1 2/2 16:27 5:26 0:13
Brady Skjei 1 0 1 -1 0 2 0 3 0 0 0/0 26:45 5:53 3:33
Damon Severson 0 1 1 -1 2 2 1 0 0 0 0/0 21:35 4:41 2:40
Drew O'Connor 0 0 0 0 0 1 0 0 1 0 0/1 10:12 0:00 3:51
Dylan Larkin 0 2 2 -1 0 4 2 0 1 0 7/16 16:30 5:26 0:00
Evgeni Dadonov 0 0 0 0 0 1 0 0 0 0 0/0 7:03 0:00 0:12
Ilya Lyubushkin 0 0 0 0 0 1 1 0 0 0 0/0 14:36 0:00 4:21
Jake Evans 0 1 1 -1 0 2 0 0 0 0 15/23 16:36 0:22 4:03
Jayden Struble 0 0 0 0 0 1 1 0 0 2 0/0 14:50 0:00 4:34
Juraj Slafkovsky 0 1 1 -1 4 6 2 0 0 0 0/0 16:12 5:08 0:00
Lane Hutson 0 1 1 -1 4 2 0 2 1 1 0/0 19:48 4:41 0:40
Macklin Celebrini 1 0 1 0 0 5 0 0 0 0 4/8 14:38 4:19 0:00
Martin Necas 1 1 2 -1 0 8 0 0 1 0 0/1 16:30 5:26 0:00
Patrik Laine 1 0 1 -1 0 3 0 0 2 0 1/1 12:43 0:22 0:00
Ryan Poehling 0 0 0 -1 0 0 1 0 0 0 0/0 16:41 0:27 4:04
Teddy Blueger 0 0 0 0 0 0 1 0 0 0 5/9 11:32 0:27 3:51
3 Stars
1 - Martin Necas (MTL)
2 - Dylan Larkin (MTL)
3 - Macklin Celebrini (MTL)
Power Play
Detroit Red Wings - 0 on 5 Attempt(s) - 0.00%
Montreal Canadiens - 4 on 8 Attempt(s) - 50.00%
Penalty Kill
Detroit Red Wings - 4 on 8 Attempt(s) - 50.00%
- Score 0 goal in Penalty Kill
Montreal Canadiens - 5 on 5 Attempt(s) - 100.00%
- Score 0 goal in Penalty Kill
Team Stat
Detroit Red Wings - Hits : 17 - Faceoff Wins : 28 - Blocked Shots : 12 - Penalty Minutes : 16
Montreal Canadiens - Hits : 12 - Faceoff Wins : 34 - Blocked Shots : 8 - Penalty Minutes : 10
Official
Referees : Kelly Sutherland and Brandon Blandina
Linesman : Devin Berg and Brad Kovachik
Game Notes
No Game Note
Finance
Level 1 -- Attendance: 5416 (90.27%) -- Ticket Income $503,688
Level 2 -- Attendance: 5000 (100.00%) -- Ticket Income $265,000
Level 3 -- Attendance: 3000 (100.00%) -- Ticket Income $96,000
Level 4 -- Attendance: 5000 (100.00%) -- Ticket Income $110,000
Luxury Box -- Attendance: 869 (86.90%) -- Ticket Income $169,455
Game was played at the Bell Centre.
Total Attendance: 19285 (96.43%)
Total Ticket Income: $1,144,143
Other Income: $400,450
Total Income: $1,544,593
Detroit Red Wings
5 vs 5 Forward
Center Left Wing Right Wing Time % Phy DF OF
1 Steven Stamkos Max Pacioretty Patrick Kane 35 1 2 2
2 Cutter Gauthier Tanner Pearson Kasperi Kapanen 35 1 1 3
3 Kevin Stenlund Peyton Krebs Yakov Trenin 20 1 2 2
4 Rasmus Kupari Vasili Podkolzin Raphael Lavoie 10 2 2 1
5 vs 5 Defense
Defense Defense Time % Phy DF OF
1 Zachary Werenski Jackson LaCombe 40 1 2 2
2 Jeff Petry Zach Bogosian 30 1 2 2
3 Shayne Gostisbehere Jamie Drysdale 20 3 1 1
4 Zachary Werenski Jackson LaCombe 10 1 2 2
PowerPlay Forward
Center Left Wing Right Wing Time % Phy DF OF
1 Steven Stamkos Rasmus Kupari Patrick Kane 50 0 1 4
2 Cutter Gauthier Tanner Pearson Max Pacioretty 50 0 1 4
PowerPlay Defense
Defense Defense Time % Phy DF OF
1 Zachary Werenski Jackson LaCombe 50 1 2 2
2 Jamie Drysdale Zach Bogosian 50 1 2 2
Penalty Kill 4 Players Forward
Center Wing Time % Phy DF OF
1 Steven Stamkos Rasmus Kupari 50 2 2 1
2 Kevin Stenlund Yakov Trenin 50 2 2 1
Penalty Kill 4 Players Defense
Defense Defense Time % Phy DF OF
1 Jeff Petry Jackson LaCombe 50 2 2 1
2 Zachary Werenski Zach Bogosian 50 2 2 1
Penalty Kill - 3 Players Forward
Forward Time % Phy DF OF
1 Steven Stamkos 50 1 2 2
2 Kevin Stenlund 50 1 2 2
Penalty Kill - 3 Players Defense
Defense Defense Time % Phy DF OF
1 Jeff Petry Jackson LaCombe 50 1 2 2
2 Zachary Werenski Zach Bogosian 50 2 2 1
4 vs 4 Forward
Center Wing Time % Phy DF OF
1 Cutter Gauthier Max Pacioretty 60 1 2 2
2 Steven Stamkos Patrick Kane 40 1 1 3
4 vs 4 Defense
Defense Defense Time % Phy DF OF
1 Zachary Werenski Jackson LaCombe 60 1 2 2
2 Jamie Drysdale Zach Bogosian 40 1 2 2
Last Minutes Offensive
Center Left Wing Right Wing Defense Defense
Steven Stamkos Rasmus Kupari Patrick Kane Zachary Werenski Jackson LaCombe
Last Minutes Defensive
Center Left Wing Right Wing Defense Defense
Steven Stamkos Rasmus Kupari Patrick Kane Zachary Werenski Jackson LaCombe
Goaltenders
Starting : Laurent Brossoit
Backup : Vitek Vanecek
Extra Forwards
Normal : Kevin Stenlund, Peyton Krebs, Tanner Pearson - PP : Kevin Stenlund, Tanner Pearson - PK : Yakov Trenin
Extra Defensemen
Normal : Shayne Gostisbehere, Jamie Drysdale, Zachary Werenski - PP : Shayne Gostisbehere - PK : Shayne Gostisbehere, Jamie Drysdale
Penalty Shots
Steven Stamkos, Patrick Kane, Cutter Gauthier, Max Pacioretty, Rasmus Kupari
Scratches
Danton Heinen (Healthy), Daniel Torgersson (Healthy), Christian Fischer (Healthy), Ryan Graves (Healthy), Ville Husso (Healthy)
Montreal Canadiens
5 vs 5 Forward
Center Left Wing Right Wing Time % Phy DF OF
1 Dylan Larkin Juraj Slafkovsky Martin Necas 30 0 3 2
2 Macklin Celebrini Brad Marchand Aliaksei Protas 30 0 3 2
3 Jake Evans Ryan Poehling Patrik Laine 30 1 3 1
4 Teddy Blueger Evgeni Dadonov Drew O'Connor 10 1 3 1
5 vs 5 Defense
Defense Defense Time % Phy DF OF
1 Brady Skjei Adam Fox 35 1 3 1
2 Lane Hutson Damon Severson 30 1 3 1
3 Ilya Lyubushkin Jayden Struble 25 1 3 1
4 Brady Skjei Lane Hutson 10 1 3 1
PowerPlay Forward
Center Left Wing Right Wing Time % Phy DF OF
1 Dylan Larkin Brad Marchand Martin Necas 50 0 0 5
2 Macklin Celebrini Juraj Slafkovsky Aliaksei Protas 50 0 0 5
PowerPlay Defense
Defense Defense Time % Phy DF OF
1 Brady Skjei Adam Fox 50 0 1 4
2 Lane Hutson Damon Severson 50 0 1 4
Penalty Kill 4 Players Forward
Center Wing Time % Phy DF OF
1 Jake Evans Ryan Poehling 50 0 5 0
2 Teddy Blueger Drew O'Connor 50 0 5 0
Penalty Kill 4 Players Defense
Defense Defense Time % Phy DF OF
1 Brady Skjei Damon Severson 50 1 4 0
2 Ilya Lyubushkin Jayden Struble 50 1 4 0
Penalty Kill - 3 Players Forward
Forward Time % Phy DF OF
1 Jake Evans 50 0 5 0
2 Ryan Poehling 50 0 5 0
Penalty Kill - 3 Players Defense
Defense Defense Time % Phy DF OF
1 Brady Skjei Damon Severson 50 0 5 0
2 Ilya Lyubushkin Jayden Struble 50 0 5 0
4 vs 4 Forward
Center Wing Time % Phy DF OF
1 Jake Evans Patrik Laine 50 1 2 2
2 Teddy Blueger Ryan Poehling 50 1 2 2
4 vs 4 Defense
Defense Defense Time % Phy DF OF
1 Brady Skjei Adam Fox 50 1 2 2
2 Lane Hutson Damon Severson 50 1 2 2
Last Minutes Offensive
Center Left Wing Right Wing Defense Defense
Dylan Larkin Aliaksei Protas Martin Necas Lane Hutson Adam Fox
Last Minutes Defensive
Center Left Wing Right Wing Defense Defense
Jake Evans Ryan Poehling Drew O'Connor Ilya Lyubushkin Jayden Struble
Goaltenders
Starting : Stuart Skinner
Backup : Pyotr Kochetkov
Extra Forwards
Normal : Brad Marchand, Dylan Larkin, Martin Necas - PP : Brad Marchand, Dylan Larkin - PK : Jake Evans
Extra Defensemen
Normal : Brady Skjei, Adam Fox, Lane Hutson - PP : Adam Fox - PK : Brady Skjei, Lane Hutson
Penalty Shots
Martin Necas, Dylan Larkin, Brad Marchand, Macklin Celebrini, Juraj Slafkovsky
Scratches
Ian Mitchell (Healthy), Conor Timmins (Healthy), David Rittich (Healthy)
% Time on Ice - Detroit Red Wings
Lines # - Real PCT - Wanted PCT - Time Play
Normal Forward
1 - 28% - 35% - 11:04
2 - 33% - 35% - 12:51
3 - 26% - 20% - 10:16
4 - 13% - 10% - 5:20
Normal Defense
1 - 42% - 40% - 16:41
2 - 32% - 30% - 12:44
3 - 25% - 20% - 10:02
4 - 0% - 10% - 0:04
PP Forward
1 - 51% - 50% - 4:07
2 - 49% - 50% - 4:00
PP Defense
1 - 51% - 50% - 4:10
2 - 49% - 50% - 3:57
PK Forward
1 - 52% - 50% - 5:31
2 - 48% - 50% - 5:03
PK Defense
1 - 55% - 50% - 5:50
2 - 45% - 50% - 4:44
PK3 Forward
1 - 0% - 50%
2 - 0% - 50%
PK3 Defense
1 - 0% - 50%
2 - 0% - 50%
44 Forward
1 - 95% - 60% - 1:43
2 - 5% - 40% - 0:05
44 Defense
1 - 65% - 60% - 1:10
2 - 35% - 40% - 0:38
Last Minute Offensive - 0:00
Last Minute Defensive - 0:00
Total
Forward - 60:00
Defense - 60:00
|
% Time on Ice - Montreal Canadiens
Lines # - Real PCT - Wanted PCT - Time Play
Normal Forward
1 - 30% - 30% - 11:47
2 - 26% - 30% - 10:23
3 - 28% - 30% - 11:00
4 - 16% - 10% - 6:21
Normal Defense
1 - 40% - 35% - 15:51
2 - 34% - 30% - 13:16
3 - 25% - 25% - 9:59
4 - 1% - 10% - 0:25
PP Forward
1 - 55% - 50% - 5:48
2 - 45% - 50% - 4:46
PP Defense
1 - 56% - 50% - 5:53
2 - 44% - 50% - 4:41
PK Forward
1 - 52% - 50% - 4:11
2 - 48% - 50% - 3:56
PK Defense
1 - 46% - 50% - 3:46
2 - 54% - 50% - 4:21
PK3 Forward
1 - 0% - 50%
2 - 0% - 50%
PK3 Defense
1 - 0% - 50%
2 - 0% - 50%
44 Forward
1 - 51% - 50% - 0:55
2 - 49% - 50% - 0:53
44 Defense
1 - 59% - 50% - 1:04
2 - 41% - 50% - 0:44
Last Minute Offensive - 0:00
Last Minute Defensive - 0:00
Total
Forward - 60:00
Defense - 60:00
|
Play-by-Play
1st period
0:01 of 1st period - Steven Stamkos wins face-off versus Dylan Larkin in neutral zone.
0:06 of 1st period - Dylan Larkin is hit by Patrick Kane and loses puck.
0:11 of 1st period - Snap shot by Patrick Kane.
0:11 of 1st period - Stopped by Stuart Skinner with a rebound.
0:13 of 1st period - Slapshot by Zachary Werenski.
0:13 of 1st period - Stopped by Stuart Skinner with a rebound.
0:15 of 1st period - Snap shot by Zachary Werenski.
0:15 of 1st period - Shot Misses the Net.
0:34 of 1st period - Snap shot by Macklin Celebrini.
0:34 of 1st period - Stopped by Laurent Brossoit with a rebound.
0:36 of 1st period - Slapshot by Brady Skjei.
0:36 of 1st period - Stopped by Laurent Brossoit without a rebound.
0:37 of 1st period - Jake Evans wins face-off versus Kevin Stenlund in Detroit Red Wings zone.
0:38 of 1st period - Snap shot by Patrik Laine.
0:38 of 1st period - Stopped by Laurent Brossoit with a rebound.
1:24 of 1st period - Wrist shot by Kasperi Kapanen.
1:24 of 1st period - Stopped by Stuart Skinner with a rebound.
1:26 of 1st period - Slapshot by Zach Bogosian.
1:26 of 1st period - Shot Misses the Net.
1:44 of 1st period - Icing by Jamie Drysdale.
1:45 of 1st period - Steven Stamkos wins face-off versus Dylan Larkin in Detroit Red Wings zone.
1:52 of 1st period - Wrist shot by Patrick Kane.
1:52 of 1st period - Shot Blocked by Brady Skjei.
2:09 of 1st period - Icing by Zachary Werenski.
2:10 of 1st period - Jake Evans wins face-off versus Cutter Gauthier in Detroit Red Wings zone.
3:00 of 1st period - Minor Penalty to Juraj Slafkovsky for Interference.
3:01 of 1st period - Steven Stamkos wins face-off versus Jake Evans in Montreal Canadiens zone.
3:35 of 1st period - Jamie Drysdale is hit by Ilya Lyubushkin.
3:43 of 1st period - Snap shot by Patrick Kane.
3:43 of 1st period - Shot Misses the Net.
3:45 of 1st period - Slapshot by Jamie Drysdale.
3:45 of 1st period - Deflect By Steven Stamkos.
3:45 of 1st period - Stopped by Stuart Skinner without a rebound.
3:46 of 1st period - Cutter Gauthier wins face-off versus Teddy Blueger in Montreal Canadiens zone.
4:07 of 1st period - Wrist shot by Jake Evans.
4:07 of 1st period - Shot Blocked by Zachary Werenski.
4:09 of 1st period - Snap shot by Brady Skjei.
4:09 of 1st period - Shot Misses the Net.
4:29 of 1st period - Minor Penalty to Steven Stamkos for Roughing.
4:30 of 1st period - Jake Evans wins face-off versus Cutter Gauthier in Detroit Red Wings zone.
5:00 of 1st period - Penalty to Juraj Slafkovsky is over, Juraj Slafkovsky is back on ice.
5:13 of 1st period - Teddy Blueger is hit by Rasmus Kupari and loses puck.
5:20 of 1st period - Slapshot by Jackson LaCombe.
5:20 of 1st period - Deflect By Rasmus Kupari.
5:20 of 1st period - Stopped by Stuart Skinner with a rebound.
5:32 of 1st period - Slapshot by Martin Necas.
5:32 of 1st period - Stopped by Laurent Brossoit without a rebound.
5:33 of 1st period - Kevin Stenlund wins face-off versus Dylan Larkin in Detroit Red Wings zone.
6:00 of 1st period - Wrist shot by Juraj Slafkovsky.
6:00 of 1st period - Stopped by Laurent Brossoit without a rebound.
6:01 of 1st period - Kevin Stenlund wins face-off versus Macklin Celebrini in Detroit Red Wings zone.
6:29 of 1st period - Penalty to Steven Stamkos is over, Steven Stamkos is back on ice.
6:54 of 1st period - Wrist shot by Cutter Gauthier.
6:54 of 1st period - Shot Blocked by Adam Fox.
6:56 of 1st period - Slapshot by Jeff Petry.
6:56 of 1st period - Shot Misses the Net.
6:58 of 1st period - Slapshot by Jeff Petry.
6:58 of 1st period - Shot Misses the Net.
7:00 of 1st period - Wrist shot by Jackson LaCombe.
7:00 of 1st period - Shot Blocked by Brady Skjei.
7:10 of 1st period - Snap shot by Patrick Kane.
7:10 of 1st period - Shot Misses the Net.
7:18 of 1st period - Wrist shot by Steven Stamkos.
7:18 of 1st period - Stopped by Stuart Skinner with a rebound.
7:40 of 1st period - Snap shot by Macklin Celebrini.
7:40 of 1st period - Shot Misses the Net.
7:58 of 1st period - Rasmus Kupari is hit by Damon Severson and loses puck.
8:43 of 1st period - Snap shot by Steven Stamkos.
8:43 of 1st period - Shot Misses the Net.
9:03 of 1st period - Juraj Slafkovsky is hit by Jackson LaCombe and loses puck.
9:36 of 1st period - Cutter Gauthier is hit by Jayden Struble and loses puck.
10:39 of 1st period - Minor Penalty to Zachary Werenski for Interference.
10:40 of 1st period - Dylan Larkin wins face-off versus Kevin Stenlund in Detroit Red Wings zone.
11:16 of 1st period - Slapshot by Juraj Slafkovsky.
11:16 of 1st period - Stopped by Laurent Brossoit without a rebound.
11:17 of 1st period - Dylan Larkin wins face-off versus Steven Stamkos in Detroit Red Wings zone.
11:18 of 1st period - Wrist shot by Martin Necas.
11:18 of 1st period - Goal by Martin Necas - Detroit Red Wings : 0 - Montreal Canadiens : 1.
11:19 of 1st period - Jake Evans wins face-off versus Cutter Gauthier in neutral zone.
11:51 of 1st period - Wrist shot by Steven Stamkos.
11:51 of 1st period - Stopped by Stuart Skinner without a rebound.
11:52 of 1st period - Brad Marchand wins face-off versus Steven Stamkos in Montreal Canadiens zone.
11:52 of 1st period - Aliaksei Protas is hit by Jackson LaCombe and loses puck.
12:05 of 1st period - Snap shot by Steven Stamkos.
12:05 of 1st period - Stopped by Stuart Skinner with a rebound.
12:15 of 1st period - Minor Penalty to Lane Hutson for Roughing.
12:16 of 1st period - Cutter Gauthier wins face-off versus Drew O'Connor in Montreal Canadiens zone.
12:21 of 1st period - Slapshot by Max Pacioretty.
12:21 of 1st period - Stopped by Stuart Skinner without a rebound.
12:22 of 1st period - Teddy Blueger wins face-off versus Cutter Gauthier in Montreal Canadiens zone.
12:22 of 1st period - Teddy Blueger is hit by Jackson LaCombe.
14:15 of 1st period - Penalty to Lane Hutson is over, Lane Hutson is back on ice.
14:44 of 1st period - Minor Penalty to Juraj Slafkovsky for High sticking.
14:45 of 1st period - Steven Stamkos wins face-off versus Jake Evans in Montreal Canadiens zone.
15:25 of 1st period - Minor Penalty to Max Pacioretty for Holding.
15:26 of 1st period - Cutter Gauthier wins face-off versus Teddy Blueger in Detroit Red Wings zone.
16:44 of 1st period - Penalty to Juraj Slafkovsky is over, Juraj Slafkovsky is back on ice.
16:48 of 1st period - Patrik Laine is hit by Steven Stamkos and loses puck.
17:05 of 1st period - Wrist shot by Patrik Laine.
17:05 of 1st period - Goal by Patrik Laine - Detroit Red Wings : 0 - Montreal Canadiens : 2.
17:06 of 1st period - Dylan Larkin wins face-off versus Steven Stamkos in neutral zone.
17:31 of 1st period - Cutter Gauthier is hit by Adam Fox and loses puck.
17:55 of 1st period - Off-side.
17:56 of 1st period - Steven Stamkos wins face-off versus Teddy Blueger in neutral zone.
18:07 of 1st period - Snap shot by Patrick Kane.
18:07 of 1st period - Stopped by Stuart Skinner without a rebound.
18:08 of 1st period - Jake Evans wins face-off versus Cutter Gauthier in Montreal Canadiens zone.
18:08 of 1st period - Jake Evans is hit by Zachary Werenski.
19:02 of 1st period - Snap shot by Zachary Werenski.
19:02 of 1st period - Stopped by Stuart Skinner with a rebound.
19:37 of 1st period - Slapshot by Zachary Werenski.
19:37 of 1st period - Stopped by Stuart Skinner without a rebound.
19:38 of 1st period - Teddy Blueger wins face-off versus Cutter Gauthier in Montreal Canadiens zone.
19:51 of 1st period - Tanner Pearson is hit by Teddy Blueger and loses puck.
Goals for this period are 0 for Detroit Red Wings vs 2 for Montreal Canadiens.
Shots for this period are 12 for Detroit Red Wings vs 8 for Montreal Canadiens.
2nd period
0:01 of 2nd period - Jake Evans wins face-off versus Steven Stamkos in neutral zone.
0:03 of 2nd period - Off-side.
0:04 of 2nd period - Steven Stamkos wins face-off versus Jake Evans in neutral zone.
0:07 of 2nd period - Slapshot by Patrick Kane.
0:07 of 2nd period - Stopped by Stuart Skinner with a rebound.
0:09 of 2nd period - Minor Penalty to Lane Hutson for Hooking.
0:10 of 2nd period - Teddy Blueger wins face-off versus Cutter Gauthier in Montreal Canadiens zone.
0:10 of 2nd period - Teddy Blueger is hit by Max Pacioretty.
2:09 of 2nd period - Penalty to Lane Hutson is over, Lane Hutson is back on ice.
2:16 of 2nd period - Slapshot by Lane Hutson.
2:16 of 2nd period - Shot Misses the Net.
2:18 of 2nd period - Slapshot by Ilya Lyubushkin.
2:18 of 2nd period - Shot Blocked by Peyton Krebs.
2:20 of 2nd period - Snap shot by Ilya Lyubushkin.
2:20 of 2nd period - Stopped by Laurent Brossoit with a rebound.
2:22 of 2nd period - Slapshot by Lane Hutson.
2:22 of 2nd period - Shot Misses the Net.
2:24 of 2nd period - Snap shot by Ryan Poehling.
2:24 of 2nd period - Deflect By Jake Evans.
2:24 of 2nd period - Shot Misses the Net.
2:24 of 2nd period - Puck is out of play.
2:25 of 2nd period - Kevin Stenlund wins face-off versus Macklin Celebrini in Detroit Red Wings zone.
2:38 of 2nd period - Brad Marchand is hit by Kevin Stenlund and loses puck.
3:22 of 2nd period - Wrist shot by Tanner Pearson.
3:22 of 2nd period - Deflect By Cutter Gauthier.
3:22 of 2nd period - Shot Blocked by Lane Hutson.
3:22 of 2nd period - Puck is out of play.
3:23 of 2nd period - Teddy Blueger wins face-off versus Cutter Gauthier in Montreal Canadiens zone.
5:44 of 2nd period - Snap shot by Steven Stamkos.
5:44 of 2nd period - Shot Misses the Net.
5:46 of 2nd period - Snap shot by Max Pacioretty.
5:46 of 2nd period - Shot Blocked by Brad Marchand.
5:48 of 2nd period - Slapshot by Max Pacioretty.
5:48 of 2nd period - Stopped by Stuart Skinner without a rebound.
5:49 of 2nd period - Jake Evans wins face-off versus Cutter Gauthier in Montreal Canadiens zone.
7:43 of 2nd period - Snap shot by Dylan Larkin.
7:43 of 2nd period - Stopped by Laurent Brossoit without a rebound.
7:44 of 2nd period - Kevin Stenlund wins face-off versus Dylan Larkin in Detroit Red Wings zone.
8:10 of 2nd period - Yakov Trenin is hit by Juraj Slafkovsky and loses puck.
9:03 of 2nd period - Wrist shot by Peyton Krebs.
9:03 of 2nd period - Stopped by Stuart Skinner with a rebound.
9:07 of 2nd period - Snap shot by Peyton Krebs.
9:07 of 2nd period - Goal by Peyton Krebs - Detroit Red Wings : 1 - Montreal Canadiens : 2.
9:08 of 2nd period - Steven Stamkos wins face-off versus Jake Evans in neutral zone.
9:20 of 2nd period - Snap shot by Zachary Werenski.
9:20 of 2nd period - Shot Blocked by Adam Fox.
9:34 of 2nd period - Macklin Celebrini is hit by Kasperi Kapanen and loses puck.
10:05 of 2nd period - Backhand shot by Evgeni Dadonov.
10:05 of 2nd period - Shot Misses the Net.
10:11 of 2nd period - Minor Penalty to Shayne Gostisbehere for Roughing.
10:12 of 2nd period - Steven Stamkos wins face-off versus Dylan Larkin in Detroit Red Wings zone.
10:39 of 2nd period - Macklin Celebrini is hit by Rasmus Kupari and loses puck.
12:11 of 2nd period - Penalty to Shayne Gostisbehere is over, Shayne Gostisbehere is back on ice.
12:22 of 2nd period - Jake Evans is hit by Cutter Gauthier and loses puck.
12:31 of 2nd period - Jamie Drysdale is hit by Ryan Poehling and loses puck.
12:50 of 2nd period - Snap shot by Drew O'Connor.
12:50 of 2nd period - Shot Misses the Net.
13:06 of 2nd period - Snap shot by Kasperi Kapanen.
13:06 of 2nd period - Shot Misses the Net.
13:08 of 2nd period - Snap shot by Cutter Gauthier.
13:08 of 2nd period - Shot Misses the Net.
13:51 of 2nd period - Off-side.
13:52 of 2nd period - Steven Stamkos wins face-off versus Teddy Blueger in neutral zone.
14:04 of 2nd period - Wrist shot by Drew O'Connor.
14:04 of 2nd period - Stopped by Laurent Brossoit with a rebound.
14:06 of 2nd period - Snap shot by Teddy Blueger.
14:06 of 2nd period - Shot Misses the Net.
14:08 of 2nd period - Wrist shot by Evgeni Dadonov.
14:08 of 2nd period - Shot Blocked by Patrick Kane.
14:22 of 2nd period - Slapshot by Kevin Stenlund.
14:22 of 2nd period - Shot Misses the Net.
14:24 of 2nd period - Snap shot by Peyton Krebs.
14:24 of 2nd period - Shot Misses the Net.
14:26 of 2nd period - Snap shot by Kevin Stenlund.
14:26 of 2nd period - Shot Misses the Net.
14:28 of 2nd period - Wrist shot by Peyton Krebs.
14:28 of 2nd period - Shot Misses the Net.
14:30 of 2nd period - Wrist shot by Peyton Krebs.
14:30 of 2nd period - Stopped by Stuart Skinner without a rebound.
14:31 of 2nd period - Rasmus Kupari wins face-off versus Jake Evans in Montreal Canadiens zone.
14:32 of 2nd period - Wrist shot by Raphael Lavoie.
14:32 of 2nd period - Deflect By Adam Fox.
14:32 of 2nd period - Shot Misses the Net.
14:32 of 2nd period - Puck is out of play.
14:33 of 2nd period - Jake Evans wins face-off versus Rasmus Kupari in Montreal Canadiens zone.
14:35 of 2nd period - Minor Penalty to Raphael Lavoie for Interference.
14:36 of 2nd period - Macklin Celebrini wins face-off versus Steven Stamkos in Detroit Red Wings zone.
15:01 of 2nd period - Macklin Celebrini is hit by Yakov Trenin and loses puck.
15:12 of 2nd period - Slapshot by Lane Hutson.
15:12 of 2nd period - Stopped by Laurent Brossoit with a rebound.
15:14 of 2nd period - Snap shot by Damon Severson.
15:14 of 2nd period - Deflect By Macklin Celebrini.
15:14 of 2nd period - Goal by Macklin Celebrini - Detroit Red Wings : 1 - Montreal Canadiens : 3.
15:15 of 2nd period - Patrik Laine wins face-off versus Steven Stamkos in neutral zone.
15:26 of 2nd period - Snap shot by Jake Evans.
15:26 of 2nd period - Stopped by Laurent Brossoit without a rebound.
15:27 of 2nd period - Steven Stamkos wins face-off versus Macklin Celebrini in Detroit Red Wings zone.
16:04 of 2nd period - Minor Penalty to Damon Severson for Tripping.
16:05 of 2nd period - Steven Stamkos wins face-off versus Jake Evans in Montreal Canadiens zone.
16:19 of 2nd period - Wrist shot by Steven Stamkos.
16:19 of 2nd period - Shot Misses the Net.
16:21 of 2nd period - Snap shot by Steven Stamkos.
16:21 of 2nd period - Stopped by Stuart Skinner with a rebound.
18:04 of 2nd period - Penalty to Damon Severson is over, Damon Severson is back on ice.
18:14 of 2nd period - Snap shot by Martin Necas.
18:14 of 2nd period - Stopped by Laurent Brossoit with a rebound.
18:28 of 2nd period - Minor Penalty to Yakov Trenin for Hooking.
18:29 of 2nd period - Dylan Larkin wins face-off versus Kevin Stenlund in Detroit Red Wings zone.
18:40 of 2nd period - Wrist shot by Martin Necas.
18:40 of 2nd period - Stopped by Laurent Brossoit with a rebound.
19:00 of 2nd period - Slapshot by Steven Stamkos.
19:00 of 2nd period - Shot Misses the Net.
19:02 of 2nd period - Snap shot by Shayne Gostisbehere.
19:02 of 2nd period - Shot Blocked by Brady Skjei.
19:04 of 2nd period - Slapshot by Shayne Gostisbehere.
19:04 of 2nd period - Shot Misses the Net.
19:19 of 2nd period - Off-side.
19:20 of 2nd period - Kevin Stenlund wins face-off versus Martin Necas in neutral zone.
19:31 of 2nd period - Snap shot by Martin Necas.
19:31 of 2nd period - Shot Misses the Net.
19:49 of 2nd period - Slapshot by Juraj Slafkovsky.
19:49 of 2nd period - Stopped by Laurent Brossoit with a rebound.
Goals for this period are 1 for Detroit Red Wings vs 1 for Montreal Canadiens.
Shots for this period are 6 for Detroit Red Wings vs 9 for Montreal Canadiens.
3rd period
0:01 of 3rd period - Steven Stamkos wins face-off versus Dylan Larkin in neutral zone.
0:28 of 3rd period - Penalty to Yakov Trenin is over, Yakov Trenin is back on ice.
0:50 of 3rd period - Snap shot by Patrik Laine.
0:50 of 3rd period - Stopped by Laurent Brossoit without a rebound.
0:51 of 3rd period - Jake Evans wins face-off versus Cutter Gauthier in Detroit Red Wings zone.
1:00 of 3rd period - Slapshot by Cutter Gauthier.
1:00 of 3rd period - Shot Misses the Net.
1:02 of 3rd period - Slapshot by Kasperi Kapanen.
1:02 of 3rd period - Stopped by Stuart Skinner with a rebound.
1:04 of 3rd period - Snap shot by Tanner Pearson.
1:04 of 3rd period - Shot Misses the Net.
1:06 of 3rd period - Wrist shot by Shayne Gostisbehere.
1:06 of 3rd period - Stopped by Stuart Skinner with a rebound.
2:10 of 3rd period - Snap shot by Evgeni Dadonov.
2:10 of 3rd period - Stopped by Laurent Brossoit with a rebound.
2:22 of 3rd period - Ilya Lyubushkin is hit by Raphael Lavoie and loses puck.
2:29 of 3rd period - Snap shot by Vasili Podkolzin.
2:29 of 3rd period - Stopped by Stuart Skinner without a rebound.
2:30 of 3rd period - Steven Stamkos wins face-off versus Macklin Celebrini in Montreal Canadiens zone.
2:35 of 3rd period - Snap shot by Steven Stamkos.
2:35 of 3rd period - Stopped by Stuart Skinner with a rebound.
2:44 of 3rd period - Slapshot by Adam Fox.
2:44 of 3rd period - Stopped by Laurent Brossoit with a rebound.
2:46 of 3rd period - Wrist shot by Macklin Celebrini.
2:46 of 3rd period - Stopped by Laurent Brossoit without a rebound.
2:47 of 3rd period - Jake Evans wins face-off versus Cutter Gauthier in Detroit Red Wings zone.
2:48 of 3rd period - Snap shot by Ryan Poehling.
2:48 of 3rd period - Deflect By Patrik Laine.
2:48 of 3rd period - Shot Misses the Net.
2:48 of 3rd period - Puck is out of play.
2:49 of 3rd period - Jake Evans wins face-off versus Cutter Gauthier in Detroit Red Wings zone.
3:02 of 3rd period - Slapshot by Jake Evans.
3:02 of 3rd period - Stopped by Laurent Brossoit without a rebound.
3:03 of 3rd period - Macklin Celebrini wins face-off versus Steven Stamkos in Detroit Red Wings zone.
3:13 of 3rd period - Minor Penalty to Zach Bogosian for Holding.
3:14 of 3rd period - Kevin Stenlund wins face-off versus Dylan Larkin in Detroit Red Wings zone.
4:05 of 3rd period - Shayne Gostisbehere is hit by Dylan Larkin and loses puck.
5:13 of 3rd period - Penalty to Zach Bogosian is over, Zach Bogosian is back on ice.
5:22 of 3rd period - Snap shot by Zach Bogosian.
5:22 of 3rd period - Shot Blocked by Lane Hutson.
5:24 of 3rd period - Snap shot by Cutter Gauthier.
5:24 of 3rd period - Stopped by Stuart Skinner with a rebound.
5:26 of 3rd period - Snap shot by Tanner Pearson.
5:26 of 3rd period - Stopped by Stuart Skinner without a rebound.
5:27 of 3rd period - Jake Evans wins face-off versus Cutter Gauthier in Montreal Canadiens zone.
5:43 of 3rd period - Slapshot by Jamie Drysdale.
5:43 of 3rd period - Stopped by Stuart Skinner without a rebound.
5:44 of 3rd period - Steven Stamkos wins face-off versus Dylan Larkin in Montreal Canadiens zone.
5:45 of 3rd period - Snap shot by Patrick Kane.
5:45 of 3rd period - Stopped by Stuart Skinner with a rebound.
5:59 of 3rd period - Slapshot by Martin Necas.
5:59 of 3rd period - Stopped by Laurent Brossoit with a rebound.
7:07 of 3rd period - Icing by Damon Severson.
7:08 of 3rd period - Teddy Blueger wins face-off versus Steven Stamkos in Montreal Canadiens zone.
7:23 of 3rd period - Wrist shot by Macklin Celebrini.
7:23 of 3rd period - Stopped by Laurent Brossoit without a rebound.
7:24 of 3rd period - Dylan Larkin wins face-off versus Cutter Gauthier in Detroit Red Wings zone.
7:27 of 3rd period - Snap shot by Juraj Slafkovsky.
7:27 of 3rd period - Stopped by Laurent Brossoit with a rebound.
7:29 of 3rd period - Backhand shot by Juraj Slafkovsky.
7:29 of 3rd period - Stopped by Laurent Brossoit with a rebound.
7:37 of 3rd period - Snap shot by Martin Necas.
7:37 of 3rd period - Stopped by Laurent Brossoit with a rebound.
7:39 of 3rd period - Slapshot by Adam Fox.
7:39 of 3rd period - Deflect By Dylan Larkin.
7:39 of 3rd period - Stopped by Laurent Brossoit with a rebound.
7:41 of 3rd period - Slapshot by Juraj Slafkovsky.
7:41 of 3rd period - Stopped by Laurent Brossoit without a rebound.
7:42 of 3rd period - Macklin Celebrini wins face-off versus Steven Stamkos in Detroit Red Wings zone.
7:51 of 3rd period - Wrist shot by Brad Marchand.
7:51 of 3rd period - Shot Misses the Net.
8:33 of 3rd period - Jayden Struble is hit by Jeff Petry and loses puck.
9:20 of 3rd period - Backhand shot by Zachary Werenski.
9:20 of 3rd period - Shot Misses the Net.
9:22 of 3rd period - Slapshot by Zachary Werenski.
9:22 of 3rd period - Shot Misses the Net.
9:55 of 3rd period - Wrist shot by Juraj Slafkovsky.
9:55 of 3rd period - Shot Misses the Net.
9:57 of 3rd period - Snap shot by Adam Fox.
9:57 of 3rd period - Shot Blocked by Kevin Stenlund.
9:59 of 3rd period - Wrist shot by Brady Skjei.
9:59 of 3rd period - Shot Blocked by Jamie Drysdale.
10:09 of 3rd period - Brady Skjei is hit by Steven Stamkos and loses puck.
10:16 of 3rd period - Snap shot by Steven Stamkos.
10:16 of 3rd period - Goal by Steven Stamkos - Detroit Red Wings : 2 - Montreal Canadiens : 3.
10:17 of 3rd period - Dylan Larkin wins face-off versus Steven Stamkos in neutral zone.
10:17 of 3rd period - Dylan Larkin is hit by Max Pacioretty.
10:21 of 3rd period - Snap shot by Dylan Larkin.
10:21 of 3rd period - Shot Misses the Net.
10:23 of 3rd period - Wrist shot by Brady Skjei.
10:23 of 3rd period - Deflect By Martin Necas.
10:23 of 3rd period - Stopped by Laurent Brossoit with a rebound.
10:25 of 3rd period - Slapshot by Dylan Larkin.
10:25 of 3rd period - Shot Blocked by Max Pacioretty.
10:27 of 3rd period - Slapshot by Martin Necas.
10:27 of 3rd period - Shot Misses the Net.
10:39 of 3rd period - Minor Penalty to Zachary Werenski for Interference.
10:40 of 3rd period - Steven Stamkos wins face-off versus Aliaksei Protas in Detroit Red Wings zone.
10:53 of 3rd period - Snap shot by Aliaksei Protas.
10:53 of 3rd period - Deflect By Macklin Celebrini.
10:53 of 3rd period - Shot Blocked by Zach Bogosian.
10:53 of 3rd period - Puck is out of play.
10:54 of 3rd period - Dylan Larkin wins face-off versus Steven Stamkos in Detroit Red Wings zone.
10:57 of 3rd period - Wrist shot by Dylan Larkin.
10:57 of 3rd period - Stopped by Laurent Brossoit with a rebound.
10:59 of 3rd period - Snap shot by Dylan Larkin.
10:59 of 3rd period - Stopped by Laurent Brossoit without a rebound.
11:00 of 3rd period - Steven Stamkos wins face-off versus Dylan Larkin in Detroit Red Wings zone.
12:05 of 3rd period - Wrist shot by Dylan Larkin.
12:05 of 3rd period - Shot Misses the Net.
12:07 of 3rd period - Slapshot by Brady Skjei.
12:07 of 3rd period - Goal by Brady Skjei - Detroit Red Wings : 2 - Montreal Canadiens : 4.
12:08 of 3rd period - Jake Evans wins face-off versus Cutter Gauthier in neutral zone.
12:39 of 3rd period - Off-side.
12:40 of 3rd period - Jake Evans wins face-off versus Steven Stamkos in neutral zone.
12:53 of 3rd period - Snap shot by Jake Evans.
12:53 of 3rd period - Shot Blocked by Zachary Werenski.
12:55 of 3rd period - Slapshot by Adam Fox.
12:55 of 3rd period - Shot Misses the Net.
13:35 of 3rd period - Slapshot by Aliaksei Protas.
13:35 of 3rd period - Shot Misses the Net.
13:37 of 3rd period - Wrist shot by Macklin Celebrini.
13:37 of 3rd period - Shot Blocked by Zachary Werenski.
13:39 of 3rd period - Slapshot by Jayden Struble.
13:39 of 3rd period - Deflect By Jackson LaCombe.
13:39 of 3rd period - Stopped by Laurent Brossoit without a rebound.
13:40 of 3rd period - Cutter Gauthier wins face-off versus Jake Evans in Detroit Red Wings zone.
14:06 of 3rd period - Yakov Trenin is hit by Aliaksei Protas and loses puck.
14:48 of 3rd period - Slapshot by Lane Hutson.
14:48 of 3rd period - Stopped by Laurent Brossoit with a rebound.
14:50 of 3rd period - Slapshot by Damon Severson.
14:50 of 3rd period - Stopped by Laurent Brossoit with a rebound.
14:52 of 3rd period - Snap shot by Teddy Blueger.
14:52 of 3rd period - Shot Misses the Net.
14:54 of 3rd period - Snap shot by Drew O'Connor.
14:54 of 3rd period - Shot Blocked by Cutter Gauthier.
14:56 of 3rd period - Snap shot by Evgeni Dadonov.
14:56 of 3rd period - Shot Blocked by Cutter Gauthier.
14:58 of 3rd period - Slapshot by Damon Severson.
14:58 of 3rd period - Stopped by Laurent Brossoit without a rebound.
14:59 of 3rd period - Macklin Celebrini wins face-off versus Steven Stamkos in Detroit Red Wings zone.
15:06 of 3rd period - Snap shot by Macklin Celebrini.
15:06 of 3rd period - Stopped by Laurent Brossoit with a rebound.
15:47 of 3rd period - Snap shot by Martin Necas.
15:47 of 3rd period - Shot Misses the Net.
15:49 of 3rd period - Slapshot by Brady Skjei.
15:49 of 3rd period - Shot Misses the Net.
15:51 of 3rd period - Slapshot by Martin Necas.
15:51 of 3rd period - Shot Misses the Net.
15:53 of 3rd period - Slapshot by Martin Necas.
15:53 of 3rd period - Stopped by Laurent Brossoit with a rebound.
15:55 of 3rd period - Wrist shot by Martin Necas.
15:55 of 3rd period - Shot Blocked by Raphael Lavoie.
15:57 of 3rd period - Slapshot by Adam Fox.
15:57 of 3rd period - Deflect By Martin Necas.
15:57 of 3rd period - Shot Misses the Net.
15:57 of 3rd period - Puck is out of play.
15:58 of 3rd period - Kevin Stenlund wins face-off versus Jake Evans in Detroit Red Wings zone.
16:23 of 3rd period - Patrick Kane is hit by Juraj Slafkovsky.
16:32 of 3rd period - Wrist shot by Steven Stamkos.
16:32 of 3rd period - Stopped by Stuart Skinner with a rebound.
17:05 of 3rd period - Icing by Lane Hutson.
17:06 of 3rd period - Jake Evans wins face-off versus Cutter Gauthier in Montreal Canadiens zone.
17:17 of 3rd period - Snap shot by Cutter Gauthier.
17:17 of 3rd period - Deflect By Ryan Poehling.
17:17 of 3rd period - Stopped by Stuart Skinner with a rebound.
17:52 of 3rd period - Zach Bogosian is hit by Adam Fox.
18:02 of 3rd period - Wrist shot by Brad Marchand.
18:02 of 3rd period - Shot Misses the Net.
19:20 of 3rd period - Zachary Werenski is hit by Dylan Larkin and loses puck.
19:56 of 3rd period - Off-side.
19:57 of 3rd period - Brad Marchand wins face-off versus Kevin Stenlund in neutral zone.
Goals for this period are 1 for Detroit Red Wings vs 1 for Montreal Canadiens.
Shots for this period are 11 for Detroit Red Wings vs 22 for Montreal Canadiens.
Back to the Top